 Dungeon Crawl Stone Soup version 0.30.0-29-ga12c61a403 (webtiles) character file.

Game seed: 17342127373001234088

109 7w4c the Poker (level 5, 0/41 HPs)
             Began as a Human Chaos Knight on June 15, 2023.
             Was a Plaything of Xom.
             Slain by an orc
             ... wielding a +0 hand axe
              (5 damage)
             ... on level 4 of the Dungeon.
             The game lasted 00:21:58 (1563 turns).

7w4c the Poker (Human Chaos Knight)                 Turns: 1563, Time: 00:21:59

Health: 0/41       AC:  5    Str: 14    XL:     5   Next: 13%
Magic:  5/5        EV: 12    Int: 13    God:    Xom [..*...]
Gold:   259        SH:  5    Dex: 12    Spells: 4/4 levels left

rFire   . . .        a - +0 spear (chaos)
rCold   . . .        (no shield)
rNeg    . . .        b - +2 leather armour
rPois   .            (no helmet)
rElec   .            (no cloak)
rCorr   .            (no gloves)
SInv    +            (no boots)
Will    .....        h - amulet of reflection
Stlth   +            d - ring of see invisible
HPRegen 0.26/turn    (no ring)
MPRegen 0.09/turn

%: reflection
@: brilliant, about to teleport
A: no striking features
a: Renounce Religion


You were on level 4 of the Dungeon.
You worshipped Xom.
You were a toy of Xom.
You visited 1 branch of the dungeon, and saw 4 of its levels.

You collected 259 gold pieces.

Inventory:

Hand Weapons
 a - a +0 spear of chaos (weapon)
 e - a +3 sling
Missiles
 l - 3 boomerangs
Armour
 b - a +2 leather armour (worn)
Jewellery
 d - a ring of see invisible (left hand)
 h - an amulet of reflection (around neck)
Wands
 g - a wand of acid (11) (quivered)
Scrolls
 j - a scroll of identify
 k - a scroll of magic mapping
 o - a scroll of poison {unknown}
Potions
 i - a potion of curing
 m - a potion of cancellation {unknown}
Miscellaneous
 c - a piece from Xom's chessboard (12/15)


   Skills:
 + Level 3.5 Fighting
 + Level 4.0 Polearms
 + Level 0.2 Throwing
 + Level 2.4 Armour
 + Level 2.3 Dodging
 + Level 0.4 Stealth
 + Level 0.4 Shields
 + Level 0.1 Evocations


You had 4 spell levels left.
You didn't know any spells.
Your spell library contained the following spells:

 Spells                   Type           Power      Damage    Failure   Level
 Cigotuvi's Dreadful Rot  Necr/Pois/Air  0%         N/A       50%         2
 Sublimation of Blood     Necr           0%         N/A       50%         2
 Dispel Undead            Necr           0%         3d6       98%         4


Dungeon Overview and Level Annotations

Branches:
Dungeon (4/15)
 Temple: D:4-7

Altars:
Dithmenos
Sif Muna
Wu Jian


Message History

The orc is heavily wounded.
You barely miss the orc.
The orc is heavily wounded.
The orc closely misses you. The endoplasm hits you. The orc barely misses you.
You hit the orc but do no damage.
The orc is heavily wounded.
The orc barely misses you. The endoplasm misses you. The orc barely misses you.
You barely miss the orc.
The orc is heavily wounded.
The orc barely misses you. The orc closely misses you.
The endoplasm hits you but does no damage.
You closely miss the orc.
The orc is heavily wounded.
You hear the brisk rusting of a very distant drain.
The orc misses you. The orc completely misses you. The endoplasm freezes you.
You are frozen.
You closely miss the orc.
The orc is heavily wounded.
You block the orc's attack. The endoplasm closely misses you.
The orc hits you but does no damage.
You closely miss the orc.
The orc is heavily wounded.
You block the orc's attack. The endoplasm misses you.
The orc hits you with a +0 hand axe.
* * * LOW HITPOINT WARNING * * *
You hit the orc but do no damage.
Space warps around the orc.
You kill the orc!
The endoplasm hits you.
* * * LOW HITPOINT WARNING * * *
The orc hits you with a +0 hand axe.
* * * LOW HITPOINT WARNING * * *
It was a potion of brilliance.
You feel clever all of a sudden. You block the orc's attack.
The endoplasm closely misses you.
As you read the scroll of teleportation, it crumbles to dust.
You feel strangely unstable. The endoplasm barely misses you.
The orc hits you with a +0 hand axe.
You die...
Xom yawns loudly!

#<#.# .##....# #####.#
.##.†)## #.. ..#
#.####†# #.#
#####......#
#######.####...####..###
...........'............
........####...##.#.####
......o.# #...#<.......
......)@# #...#....####
......J.# #...######
.......?# #...#
........# #####
........# ........#
........# ........#


You could see an orc and an endoplasm.

Vanquished Creatures
  An orc wizard (D:4)
  A gnoll (D:1)
  2 adders
  A worm (D:3)
  2 dart slugs (D:1)
  5 orcs
  3 endoplasms (D:1)
  A giant cockroach (D:3)
  4 goblins
  5 hobgoblins
  3 jackals (D:4)
  A quokka (D:1)
  4 ball pythons
  2 bats (D:1)
  5 frilled lizards
  2 kobolds
  4 rats
46 creatures vanquished.

Notes
Turn   | Place    | Note
-------+----------+-------------------------------------------
     0 | D:1      | 7w4c the Human Chaos Knight began the quest for the Orb.
     0 | D:1      | Reached XP level 1. HP: 18/18 MP: 1/1
    51 | D:1      | Found a faded altar of an unknown god.
   109 | D:1      | Reached XP level 2. HP: 17/24 MP: 2/2
   236 | D:1      | Reached XP level 3. HP: 28/29 MP: 3/3
   425 | D:2      | You fall into a shaft and drop 1 floor!
   578 | D:3      | Reached XP level 4. HP: 7/35 MP: 4/4
   812 | D:3      | Found a shadowy altar of Dithmenos.
   968 | D:3      | Found a shimmering blue altar of Sif Muna.
   979 | D:3      | Found an ornate altar of the Wu Jian Council.
  1059 | D:3      | XOM: divination: magic mapping
  1062 | D:3      | XOM: snakes to sticks
  1065 | D:3      | XOM: smoke on damage
  1344 | D:4      | Got the Incunable of Rot
  1552 | D:4      | Reached skill level 4 in Polearms
  1552 | D:4      | Reached XP level 5. HP: 41/41 MP: 5/5
  1563 | D:4      | Slain by an orc

Illustrated notes

Levels and vault maps discovered:
D:1:      lightli_arrival_lavapool, layout_rooms,
          chequers_ecumenical_altar_simple, kennysheep_small_spiral
D:2:      layout_basic
D:3:      layout_rooms, nicolae_dithmenos_through_a_glass_darkly,
          mainiacjoe_overflow_big_doors, hex_medium, minmay_gold_behind_fungi
D:4:      layout_basic, gup_sewer_entry_spiral, hangedman_decor_growths,
          kennysheep_pointless_box

Skill      XL: |  1  2  3  4 |
---------------+-------------+-----
Dodging        | 2 |  2.3
Polearms       | 4 |  4.0
Fighting       | |  3.5
Throwing       | |  0.2
Armour         | |  2.4
Stealth        | |  0.4
Shields        | |  0.4
Evocations     | |  0.1

Action                     |  1- 3 |  4- 6 || total
---------------------------+-------+-------++-------
  Melee: Spear             |    96 |    77 ||   173
         Punch             |       |     1 ||     1
  Throw: Boomerang         |       |     8 ||     8
  Evoke: Piece from Xom's  |     4 |       ||     4
         Wand              |       |     3 ||     3
    Use: Scroll            |     6 |     3 ||     9
         Potion            |     1 |     1 ||     2
   Stab: Paralysed         |     2 |       ||     2
 Armour: Leather armour    |    33 |    16 ||    49
  Dodge: Dodged            |    66 |    54 ||   120
  Block: Other             |    20 |    23 ||    43
         Reflection        |       |     2 ||     2
